 Dungeon Crawl Stone Soup version 0.29.0 (webtiles) character file.

Game seed: 1772967461178630526

1635 Dega the Skirmisher (level 8, -1/42 HPs)
             Began as a Spriggan Hunter on Sept 9, 2022.
             Was an Initiate of Yredelemnul.
             Slain by Pikel the blink frog zombie (8 damage)
             ... animated by the player character
             ... on level 8 of the Dungeon.
             The game lasted 00:09:32 (6267 turns).

Dega the Skirmisher (Spriggan Hunter)               Turns: 6267, Time: 00:09:33

Health: -1/42      AC:  4    Str:  7    XL:     8   Next: 66%
Magic:  9/9        EV: 19    Int: 10    God:    Yredelemnul [......]
Gold:   152        SH:  0    Dex: 21    Spells: 7/7 levels left

rFire   . . .      SeeInvis +   a - +3 shortbow (chaos)
rCold   . . .      Faith    .   (shield currently unavailable)
rNeg    . . .      Spirit   .   c - +0 robe
rPois   .          Reflect  .   (helmet restricted)
rElec   .          Harm     .   i - +1 cloak
rCorr   .          Rampage  .   (gloves unavailable)
Will    +....                   (boots unavailable)
Stlth   +.........              (no amulet)
HPRegen 0.14/turn               (no ring)
MPRegen 0.11/turn               (no ring)

@: confused, very quick
A: very small, no large weapons, unfitting armour, see invisible, speed 3
a: Renounce Religion, Recall Undead Harvest


You were on level 8 of the Dungeon.
You worshipped Yredelemnul.
Yredelemnul was noncommittal.
You visited 2 branches of the dungeon, and saw 7 of its levels.

You collected 152 gold pieces.

Inventory:

Hand Weapons
 a - a +3 shortbow of chaos (weapon)
 r - a +0 shortbow of flaming
Armour
 c - a +0 robe (worn)
 i - a +1 cloak (worn)
Wands
 j - a wand of iceblast (13)
 m - a wand of paralysis (10)
Scrolls
 e - a scroll of butterflies
 g - 4 scrolls of teleportation
 q - a scroll of amnesia
 s - a scroll of identify
Potions
 b - 3 potions of curing
 d - 5 potions of heal wounds {unknown}
 f - a potion of degeneration {unknown}
 h - 3 potions of lignification {unknown}
 k - a potion of brilliance
 l - a potion of flight {unknown}
 n - a potion of might {unknown}
 o - 2 potions of berserk rage {unknown}
 p - a potion of attraction {unknown}


   Skills:
 + Level 4.3 Fighting
 + Level 10.4 Ranged Weapons
 + Level 3.8 Dodging
 + Level 2.7 Stealth


You had 7 spell levels left.
You didn't know any spells.
Your spell library contained the following spells:

 Spells                   Type           Power      Damage    Failure   Level
 Sandblast                Erth           0%         2d4       36%         1
 Slow                     Hex            0%         N/A       36%         1
 Passwall                 Tmut/Erth      0%         N/A       50%         2
 Confusing Touch          Hex            0%         N/A       75%         3
 Stone Arrow              Conj/Erth      0%         3d7       75%         3
 Vampiric Draining        Necr           0%         2d6       75%         3


Dungeon Overview and Level Annotations

Branches:
Dungeon (8/15)             Temple (1/1) D:5
   Lair: D:8-11

Altars:
Ashenzari
Dithmenos
Elyvilon
Gozag
Hepliaklqana
Nemelex Xobeh
Sif Muna
Trog
Yredelemnul
Zin
The Shining One
Jiyva

Shops:
D:3 [


Innate Abilities, Weirdness & Mutations

You are very small and have problems with some larger weapons.
You are too small for most types of armour.
You have supernaturally acute eyesight. (SInv)
You cover ground extremely quickly. (Speed+++)


Message History

Are you sure you want to stumble around while confused and next to your hornet zombie? [Y]es or [N]o only, please.
Are you sure you want to stumble around while confused and next to your hornet zombie?
Okay, then.
Non-targeted confused fire: a) +3 shortbow (chaos)
Press: ? - help, Q - select action, (/) - cycle Dir - look around, f - activate You shoot an arrow.
The arrow completely misses the orc.
Unknown command.
Non-targeted confused fire: a) +3 shortbow (chaos)
Press: ? - help, Q - select action, (/) - cycle Dir - look around, f - activate You shoot an arrow.
Unknown command.
Unknown command.
Something closely misses your hornet zombie.
Are you sure you want to stumble around while confused and next to your ally Pikel?
Okay, then.
Non-targeted confused fire: a) +3 shortbow (chaos)
Press: ? - help, Q - select action, (/) - cycle Dir - look around, f - activate You shoot an arrow.
The arrow hits Pikel.
Pikel convulses.
Pikel is heavily damaged.
Pikel closely misses you.
Non-targeted confused fire: a) +3 shortbow (chaos)
Press: ? - help, Q - select action, (/) - cycle Dir - look around, f - activate You shoot an arrow.
Pikel hits you!
Non-targeted confused fire: a) +3 shortbow (chaos)
Press: ? - help, Q - select action, (/) - cycle Dir - look around, f - activate
Okay, then.
Unknown command.
Pikel is nearby!
Pikel is nearby!
You are too confused!
Pikel hits you. Pikel hits you! Pikel misses you. Pikel hits you!
* * * LOW HITPOINT WARNING * * *
The orc hits your hornet zombie with a +0 hand axe.
Pikel hits you!
You die...
Your body rises from the dead as a mindless zombie.

..##+##....#.
#........
..#........+..#.......
..#........##.##.....
###.............o§).
...Z.......≈≈§≈§Z§≈
...####Z...§.§§...
...'..#..§.§.###.#
..Z#..#..Z.§.#...#
..Z####....§.#._@#
......##+..≈.#.Z.#
......#....≈.#.###§§§
......#...........§≈§
......#....≈≈≈§≈≈§§§..
......###...§.....§...
###....#.###.###...###
..#....#. ... ...+
..+....#. ....# ...#


You could see an orc (ally target), Pikel the blink frog zombie and a friendly
hornet zombie.

Vanquished Creatures
  Grinder (D:4)
  A hornet (D:8)
  A blink frog (D:8)
  An orc warrior (D:8)
  A black bear (D:4)
  An ogre (D:4)
  A centaur (D:5)
  2 lemures (D:8)
  A kobold brigand (D:5)
  A scorpion (D:5)
  A howler monkey (D:8)
  A gnoll bouda (D:5)
  A hound (D:4)
  Ijyb (D:3)
  An orc priest (D:8)
  An iguana (D:5)
  Natasha (D:4)
  5 orc wizards
  5 adders
  3 gnolls (D:3)
  6 dart slugs
  16 orcs
  6 ball pythons
  9 endoplasms
  9 goblins
  3 hobgoblins
  10 jackals
  4 quokkas
  5 bats
  3 frilled lizards
  12 kobolds
  5 rats
119 creatures vanquished.

Vanquished Creatures (collateral kills)
  2 lemures (D:8)
  An orc priest (D:5)
  An orc wizard (D:8)
  2 orcs (D:8)
6 creatures vanquished.

Vanquished Creatures (others)
  4 orc zombies
4 creatures vanquished.

Grand Total: 129 creatures vanquished

Notes
Turn   | Place    | Note
-------+----------+-------------------------------------------
     0 | D:1      | Dega the Spriggan Hunter began the quest for the Orb.
     0 | D:1      | Reached XP level 1. HP: 10/10 MP: 2/2
   140 | D:1      | Reached XP level 2. HP: 11/14 MP: 3/3
   506 | D:1      | Reached XP level 3. HP: 18/18 MP: 4/4
  1134 | D:2      | Reached skill level 5 in Ranged Weapons
  1675 | D:2      | Found a glowing golden altar of the Shining One.
  1932 | D:3      | Noticed Ijyb
  2099 | D:3      | Killed Ijyb
  2100 | D:3      | Reached XP level 4. HP: 7/23 MP: 5/5
  2473 | D:3      | Found a broken altar of Ashenzari.
  2640 | D:3      | Reached skill level 6 in Ranged Weapons
  2640 | D:3      | Reached XP level 5. HP: 20/26 MP: 6/6
  3106 | D:3      | Found Uxzot's Armour Emporium.
  3207 | D:4      | Noticed a black bear
  3228 | D:4      | Killed a black bear
  3229 | D:4      | Reached XP level 6. HP: 27/32 MP: 7/7
  3629 | D:4      | Noticed Grinder
  3875 | D:4      | Killed Grinder
  3876 | D:4      | Reached skill level 7 in Ranged Weapons
  3876 | D:4      | Reached XP level 7. HP: 24/36 MP: 8/8
  4467 | D:4      | Noticed Natasha
  4474 | D:4      | Killed Natasha
  4475 | D:4      | Reached skill level 8 in Ranged Weapons
  4626 | D:5      | Entered Level 5 of the Dungeon
  4637 | D:5      | Found a staircase to the Ecumenical Temple.
  4652 | Temple   | Entered the Ecumenical Temple
  4690 | Temple   | Became a worshipper of Yredelemnul the Dark
  4711 | D:5      | Found a sparkling altar of Nemelex Xobeh.
  5274 | D:5      | Reached skill level 9 in Ranged Weapons
  5278 | D:5      | Reached * piety under Yredelemnul
  5365 | D:5      | Found a shadowy altar of Dithmenos.
  5481 | D:5      | You fall into a shaft and drop 3 floors!
  5536 | D:8      | Reached XP level 8. HP: 31/42 MP: 9/9
  5617 | D:8      | Found a white marble altar of Elyvilon.
  5703 | D:8      | Identified the +10 short sword of Akhlour {holy, +Blink rC+
                  | Will+ Int-5}
  5739 | D:8      | Noticed Pikel
  5794 | D:8      | Noticed Pikel
  5794 | D:8      | Pikel changed into Pikel the blink frog
  5796 | D:8      | Killed Pikel the blink frog
  6039 | D:8      | Noticed a hornet
  6050 | D:8      | Killed a hornet
  6051 | D:8      | Reached skill level 10 in Ranged Weapons
  6248 | D:8      | Found a bloodstained altar of Trog.
  6267 | D:8      | Slain by Pikel the blink frog zombie

Illustrated notes

Levels and vault maps discovered:
D:1:      dpeg_arrival_arbitrary_b, layout_loops_ring
D:2:      layout_loops_corners, basic_altar, st_stairs_10
D:3:      layout_basic, lemuel_crystal_altar, serial_shops, shop,
          minmay_misc_feat_enclosed, uniq_ijyb
D:4:      black_bear_nest_2, layout_loops_corners, uniq_natasha, uniq_grinder
D:5:      layout_basic, mainiacjoe_overflow_tiny_flanked, lemuel_tele_altar,
          marbit_many_paths, minmay_temple_entry_grid, kennysheep_another_room
D:8:      layout_gridville, mainiacjoe_overflow_brackets, elyvilon_altar_5,
          enter_bailey_5, uniq_pikel
Temple:   pf_slime_end_temple

Skill      XL: |  1  2  3  4  5  6  7  8 |
---------------+-------------------------+-----
Ranged Weapons | 5 6 7 9 10 | 10.4
Fighting       | 2 3 4 |  4.3
Dodging        | 3 |  3.8
Stealth        | 2 |  2.7

Action                   |  1- 3 |  4- 6 |  7- 9 || total
-------------------------+-------+-------+-------++-------
 Fire: Shortbow          |   101 |    97 |   169 ||   367
  Use: Scroll            |     4 |     3 |     4 ||    11
Armor: Robe              |     3 |     3 |     3 ||     9
Dodge: Dodged            |    41 |    26 |    51 ||   118
